TOP OF THE 1ST |
Reading Rainbows batting - Pitching for Wilmington Rebels : RHP Alex Stanford
|
Pitching: RHP Alex Stanford
|
|
Batting: LHB Alfonso Ruíz
|
0-0: Foul Ball, location: 2F 0-1: Called Strike 0-2: Strikes out swinging
|
Batting: RHB Juan Magdayao
|
0-0: Called Strike 0-1: Ball 1-1: Ball 2-1: Ball 3-1: Base on Balls
|
Batting: LHB Eduardo Rodríguez
|
0-0: Ball Juan Magdayao steals 2nd base 1-0: SINGLE (Line Drive, 56D) Juan Magdayao to third
|
Batting: RHB Albert Lutz
|
0-0: Ball 1-0: Fly out, F7 (Flyball, 78M) Runner from 3rd tags up, SCORES, throw made
|
Batting: LHB Mason Mabbett
|
0-0: Ball 1-0: Called Strike 1-1: Reached on error, E5 (Groundball, 56) Eduardo Rodríguez to second
|
Batting: RHB Salvador Correa
|
0-0: Ball 1-0: Foul Ball, location: 2F 1-1: Fly out, F8 (Flyball, 8LS)
|
Top of the 1st over - 1 run(s), 1 hit(s), 1 error(s), 2 left on base; Reading 1 - Wilmington 0 |
BOTTOM OF THE 1ST |
Wilmington Rebels batting - Pitching for Reading Rainbows : LHP Beau Montgomery
|
Pitching: LHP Beau Montgomery
|
|
Batting: RHB Shawn Marshall
|
0-0: Fly out, F8 (Line Drive, 8RM)
|
Batting: RHB Jeff Jones
|
0-0: Ball 1-0: Foul Ball, location: 2F 1-1: Foul Ball, location: 2F 1-2: Ball 2-2: Ball 3-2: SINGLE (Line Drive, 89M)
|
Batting: LHB Dave Watson
|
0-0: Foul Ball, location: 2F 0-1: Grounds out, U3 (Groundball, 3L)
|
Batting: RHB Octávio Marín
|
0-0: Foul Ball, location: 2F 0-1: Swinging Strike 0-2: Foul Ball, location: 2F 0-2: Ball 1-2: Foul Ball, location: 2F 1-2: Foul Ball, location: 2F 1-2: Strikes out swinging
|
Bottom of the 1st over - 0 run(s), 1 hit(s), 0 error(s), 1 left on base; Reading 1 - Wilmington 0 |
TOP OF THE 2ND |
Reading Rainbows batting - Pitching for Wilmington Rebels : RHP Alex Stanford
|
Batting: LHB Miguel Colón
|
0-0: Ball 1-0: Ground out U3 (Groundball, 3S)
|
Batting: LHB Shane Lynch
|
0-0: Ball 1-0: Fly out, F7 (Flyball, 78M)
|
Batting: LHB Wally Coker
|
0-0: Swinging Strike 0-1: Fly out, F7 (Flyball, 78M)
|
Top of the 2nd over - 0 run(s), 0 hit(s), 0 error(s), 0 left on base; Reading 1 - Wilmington 0 |
BOTTOM OF THE 2ND |
Wilmington Rebels batting - Pitching for Reading Rainbows : LHP Beau Montgomery
|
Batting: RHB Bob Lazzeri
|
0-0: Called Strike 0-1: Ground out 3-1 (Groundball, 3)
|
Batting: LHB Chandler Hubbard
|
0-0: Ball 1-0: Called Strike 1-1: Fly out, F7 (Flyball, 78XD)
|
Batting: RHB Carlos Moya
|
0-0: Ground out 5-3 (Groundball, 56)
|
Bottom of the 2nd over - 0 run(s), 0 hit(s), 0 error(s), 0 left on base; Reading 1 - Wilmington 0 |
TOP OF THE 3RD |
Reading Rainbows batting - Pitching for Wilmington Rebels : RHP Alex Stanford
|
Batting: LHB Alfonso Ruíz
|
0-0: Called Strike 0-1: Ground out U3 (Groundball, 3)
|
Batting: RHB Juan Magdayao
|
0-0: Fly out, F7 (Flyball, 78M)
|
Batting: LHB Eduardo Rodríguez
|
0-0: Called Strike 0-1: Swinging Strike 0-2: Foul Ball, location: 2F 0-2: Strikes out swinging
|
Top of the 3rd over - 0 run(s), 0 hit(s), 0 error(s), 0 left on base; Reading 1 - Wilmington 0 |
BOTTOM OF THE 3RD |
Wilmington Rebels batting - Pitching for Reading Rainbows : LHP Beau Montgomery
|
Batting: RHB Enrico Bonizo
|
0-0: Fly out, F9 (Flyball, 9M)
|
Batting: RHB Norberto Gonzáles
|
0-0: Ball 1-0: Ground out 1-3 (Groundball, 13S)
|
Batting: RHB Shawn Marshall
|
0-0: Ball 1-0: Ball 2-0: Ground out 3-1 (Groundball, 34)
|
Bottom of the 3rd over - 0 run(s), 0 hit(s), 0 error(s), 0 left on base; Reading 1 - Wilmington 0 |
TOP OF THE 4TH |
Reading Rainbows batting - Pitching for Wilmington Rebels : RHP Alex Stanford
|
Batting: RHB Albert Lutz
|
0-0: Called Strike 0-1: Foul Ball, location: 2F 0-2: Ball 1-2: Ball 2-2: Ground out 4-3 (Groundball, 4)
|
Batting: LHB Mason Mabbett
|
0-0: Ball 1-0: Ball 2-0: Foul Ball, location: 2F 2-1: Ground out 4-3 (Groundball, 13)
|
Batting: RHB Salvador Correa
|
0-0: Ground out 4-3 (Groundball, 4)
|
Top of the 4th over - 0 run(s), 0 hit(s), 0 error(s), 0 left on base; Reading 1 - Wilmington 0 |
BOTTOM OF THE 4TH |
Wilmington Rebels batting - Pitching for Reading Rainbows : LHP Beau Montgomery
|
Batting: RHB Jeff Jones
|
0-0: Ball 1-0: DOUBLE (Line Drive, 7D)
|
Batting: LHB Dave Watson
|
0-0: Called Strike 0-1: Ball 1-1: Ball 2-1: Foul Ball, location: 2F 2-2: Foul Ball, location: 2F 2-2: Ball 3-2: Ground out U3 (Groundball, 3L) Jeff Jones to third
|
Batting: RHB Octávio Marín
|
0-0: Ground out 6-3 (Groundball, 6) Jeff Jones scores
|
Batting: RHB Bob Lazzeri
|
0-0: Ball 1-0: Foul Ball, location: 2F 1-1: Called Strike 1-2: Foul Ball, location: 2F 1-2: Ball 2-2: Strikes out looking
|
Bottom of the 4th over - 1 run(s), 1 hit(s), 0 error(s), 0 left on base; Reading 1 - Wilmington 1 |
TOP OF THE 5TH |
Reading Rainbows batting - Pitching for Wilmington Rebels : RHP Alex Stanford
|
Batting: LHB Miguel Colón
|
0-0: Reached on error, E5 (Groundball, 5L)
|
Batting: LHB Shane Lynch
|
0-0: Called Strike Miguel Colón steals 2nd base 0-1: Ball 1-1: Intentional Walk
|
Batting: LHB Wally Coker
|
0-0: Called Strike 0-1: Ball 1-1: DOUBLE (Line Drive, 89D) Miguel Colón scores Shane Lynch to third Runner from 3rd tries for Home, SAFE, no throw or cutoff
|
Pinch Runner at 2nd Louis Smith:
|
|
Batting: LHB Alfonso Ruíz
|
0-0: Intentional Walk
|
Batting: RHB Juan Magdayao
|
0-0: Ball 1-0: Ball 2-0: Swinging Strike 2-1: Foul Ball, location: 2F 2-2: Ball 3-2: Foul Ball, location: 2F 3-2: Strikes out swinging
|
Batting: LHB Eduardo Rodríguez
|
0-0: Ball 1-0: Ball 2-0: Ball 3-0: Base on Balls Louis Smith to third Alfonso Ruíz to second
|
Batting: RHB Albert Lutz
|
0-0: Grounds into double play, 6-4-3 (Groundball, 6)
|
Top of the 5th over - 2 run(s), 1 hit(s), 1 error(s), 2 left on base; Reading 3 - Wilmington 1 |
BOTTOM OF THE 5TH |
Wilmington Rebels batting - Pitching for Reading Rainbows : LHP Beau Montgomery
|
Now at C: Louis Smith
|
|
Batting: LHB Chandler Hubbard
|
0-0: Called Strike 0-1: Swinging Strike 0-2: Strikes out swinging
|
Batting: RHB Carlos Moya
|
0-0: Foul Ball, location: 2F 0-1: Ball 1-1: Ball 2-1: Ground out 4-3 (Groundball, 4)
|
Batting: RHB Enrico Bonizo
|
0-0: Called Strike 0-1: TRIPLE (Line Drive, 9LM)
|
Batting: RHB Norberto Gonzáles
|
0-0: Ball Wild Pitch! Enrico Bonizo scores 1-0: Foul Ball, location: 2F 1-1: Called Strike 1-2: Ball 2-2: Strikes out swinging
|
Bottom of the 5th over - 1 run(s), 1 hit(s), 0 error(s), 0 left on base; Reading 3 - Wilmington 2 |
TOP OF THE 6TH |
Reading Rainbows batting - Pitching for Wilmington Rebels : RHP Alex Stanford
|
Batting: LHB Mason Mabbett
|
0-0: Called Strike 0-1: Foul Ball, location: 2F 0-2: Ball 1-2: Foul Ball, location: 2F 1-2: SOLO HOME RUN (Flyball, 89XD), Distance : 390 ft
|
Batting: RHB Salvador Correa
|
0-0: Ball 1-0: Called Strike 1-1: Called Strike 1-2: Ground out 1-3 (Groundball, 15)
|
Batting: LHB Miguel Colón
|
0-0: Called Strike 0-1: SOLO HOME RUN (Line Drive, 89XD), Distance : 389 ft
|
Batting: LHB Shane Lynch
|
0-0: Ball 1-0: Called Strike 1-1: Ball 2-1: Ball 3-1: Called Strike 3-2: Foul Ball, location: 2F 3-2: Fly out, F8 (Flyball, 78XD)
|
Batting: RHB Louis Smith
|
0-0: Ball 1-0: Called Strike 1-1: Ball 2-1: Ball 3-1: SINGLE (Flyball, 8LS)
|
Batting: LHB Alfonso Ruíz
|
0-0: Ball 1-0: Foul Ball, location: 2F 1-1: Ball 2-1: Foul Ball, location: 2F 2-2: Foul Ball, location: 2F 2-2: Fly out, F9 (Flyball, 89M)
|
Top of the 6th over - 2 run(s), 3 hit(s), 0 error(s), 1 left on base; Reading 5 - Wilmington 2 |
BOTTOM OF THE 6TH |
Wilmington Rebels batting - Pitching for Reading Rainbows : LHP Beau Montgomery
|
Batting: RHB Shawn Marshall
|
0-0: Ball 1-0: Called Strike 1-1: Fly out, F5 (Popup, 15)
|
Batting: RHB Jeff Jones
|
0-0: Ball 1-0: Ball 2-0: Fly out, F7 (Line Drive, 7M)
|
Batting: LHB Dave Watson
|
0-0: Ball 1-0: Foul Ball, location: 2F 1-1: Ball 2-1: Ball 3-1: Base on Balls
|
Batting: RHB Octávio Marín
|
Pickoff Throw to First - Out!
|
Bottom of the 6th over - 0 run(s), 0 hit(s), 0 error(s), 0 left on base; Reading 5 - Wilmington 2 |
TOP OF THE 7TH |
Reading Rainbows batting - Pitching for Wilmington Rebels : RHP Alex Stanford
|
Pitching: RHP Jim Wilson
|
|
Batting: RHB Juan Magdayao
|
0-0: Called Strike 0-1: Ground out 6-3 (Groundball, 6S)
|
Batting: LHB Eduardo Rodríguez
|
0-0: Fly out, F8 (Flyball, 78D)
|
Batting: RHB Albert Lutz
|
0-0: Ball 1-0: Ball 2-0: Called Strike 2-1: Swinging Strike 2-2: Strikes out swinging
|
Top of the 7th over - 0 run(s), 0 hit(s), 0 error(s), 0 left on base; Reading 5 - Wilmington 2 |
BOTTOM OF THE 7TH |
Wilmington Rebels batting - Pitching for Reading Rainbows : LHP Beau Montgomery
|
Batting: RHB Octávio Marín
|
0-0: Called Strike 0-1: Ball 1-1: Fly out, F9 (Flyball, 89S)
|
Batting: RHB Bob Lazzeri
|
0-0: Called Strike 0-1: Swinging Strike 0-2: Ball 1-2: Foul Ball, location: 2F 1-2: Ball 2-2: SINGLE (Line Drive, 8RS)
|
Batting: LHB Chandler Hubbard
|
0-0: DOUBLE (Line Drive, 8LD) Bob Lazzeri to third
|
Batting: RHB Carlos Moya
|
0-0: Called Strike 0-1: Swinging Strike 0-2: Ball 1-2: Strikes out looking
|
Batting: RHB Enrico Bonizo
|
0-0: Called Strike 0-1: Ball 1-1: Ball 2-1: Ball 3-1: Base on Balls
|
Pinch Hitting: RHB Jessie Thompson
|
0-0: Ball 1-0: Ball 2-0: Foul Ball, location: 2F 2-1: SINGLE (Line Drive, 9S) Bob Lazzeri scores Chandler Hubbard to third Enrico Bonizo to second Runner from 3rd tries for Home, SAFE, no throw or cutoff
|
Batting: RHB Shawn Marshall
|
0-0: Ball 1-0: Swinging Strike 1-1: Fielders Choice at 2nd, 5-4 (Groundball, 5)
|
Bottom of the 7th over - 2 run(s), 3 hit(s), 0 error(s), 1 left on base; Reading 5 - Wilmington 4 |
TOP OF THE 8TH |
Reading Rainbows batting - Pitching for Wilmington Rebels : RHP Jim Wilson
|
Now in LF: Jessie Thompson
|
|
Batting: LHB Mason Mabbett
|
0-0: Ball 1-0: Called Strike 1-1: Ball 2-1: Swinging Strike 2-2: Ball 3-2: SINGLE (Line Drive, 8RS)
|
Pitching: RHP Manuel Ferreira
|
|
Batting: RHB Salvador Correa
|
0-0: Ball 1-0: Reached on error, E1 (Groundball, 15) Mason Mabbett to third
|
Pitching: RHP Porter Warren
|
|
Batting: LHB Miguel Colón
|
0-0: Ball 1-0: Called Strike 1-1: Ball 2-1: Swinging Strike 2-2: Fly out, F6 (Popup, 6D)
|
Batting: LHB Shane Lynch
|
0-0: Intentional Walk
|
Batting: RHB Louis Smith
|
0-0: Ball 1-0: Called Strike 1-1: Swinging Strike 1-2: Strikes out swinging
|
Batting: LHB Alfonso Ruíz
|
0-0: Swinging Strike 0-1: Ball 1-1: Foul Ball, location: 2F 1-2: Strikes out swinging
|
Top of the 8th over - 0 run(s), 1 hit(s), 1 error(s), 3 left on base; Reading 5 - Wilmington 4 |
BOTTOM OF THE 8TH |
Wilmington Rebels batting - Pitching for Reading Rainbows : LHP Beau Montgomery
|
Pitching: RHP Chris Lee
|
|
Batting: RHB Jeff Jones
|
0-0: Foul Ball, location: 2F 0-1: Fly out, F2 (Popup, 2RF)
|
Pitching: LHP Robert Trent
|
|
Batting: LHB Dave Watson
|
0-0: Fly out, F8 (Flyball, 8RM)
|
Pitching: RHP Keith Fitzgerald
|
|
Batting: RHB Octávio Marín
|
0-0: Foul Ball, location: 2F 0-1: DOUBLE (Line Drive, 8RXD)
|
Batting: RHB Bob Lazzeri
|
0-0: Foul Ball, location: 2F 0-1: Foul Ball, location: 2F 0-2: Strikes out swinging
|
Bottom of the 8th over - 0 run(s), 1 hit(s), 0 error(s), 1 left on base; Reading 5 - Wilmington 4 |
TOP OF THE 9TH |
Reading Rainbows batting - Pitching for Wilmington Rebels : RHP Porter Warren
|
Batting: RHB Juan Magdayao
|
0-0: Called Strike 0-1: Swinging Strike 0-2: Fly out, F8 (Line Drive, 8RD)
|
Batting: LHB Eduardo Rodríguez
|
0-0: Foul Ball, location: 2F 0-1: Ball 1-1: Fly out, F4 (Popup, 4D)
|
Batting: RHB Albert Lutz
|
0-0: Ball 1-0: Ball 2-0: Ball 3-0: Called Strike 3-1: Base on Balls
|
Batting: LHB Mason Mabbett
|
0-0: Ball Albert Lutz steals 2nd base 1-0: Foul Ball, location: 2F 1-1: Foul Ball, location: 2F 1-2: Ball 2-2: Foul Ball, location: 2F 2-2: Foul Ball, location: 2F 2-2: Foul Ball, location: 2F 2-2: Fly out, F7 (Flyball, 7LMF)
|
Top of the 9th over - 0 run(s), 0 hit(s), 0 error(s), 1 left on base; Reading 5 - Wilmington 4 |
BOTTOM OF THE 9TH |
Wilmington Rebels batting - Pitching for Reading Rainbows : RHP Keith Fitzgerald
|
Pitching: RHP Cory Powell
|
|
Now at 1B: José Rivera
|
|
Now in RF: Richard Henry
|
|
Batting: LHB Chandler Hubbard
|
0-0: Swinging Strike 0-1: Swinging Strike 0-2: Ball 1-2: Ball 2-2: Foul Ball, location: 2F 2-2: Ball 3-2: Foul Ball, location: 2F 3-2: Base on Balls
|
Pinch Runner at 1st Ramón Benítez:
|
|
Batting: RHB Carlos Moya
|
0-0: Ball 1-0: Ball 2-0: Bunted foul 2-1: Sac Bunt - play at first, batter OUT! 1-4 Ramón Benítez to second
|
Pinch Hitting: LHB David Cháves
|
0-0: Ball 1-0: Ball 2-0: Ball 3-0: Base on Balls
|
Batting: RHB Jessie Thompson
|
0-0: Ball 1-0: Ball 2-0: Ball 3-0: SINGLE (Groundball, 6MD) Ramón Benítez to third David Cháves to second Runner from 3rd tries for Home, SAFE, no throw or cutoff
|
Batting: RHB Shawn Marshall
|
0-0: Ball David Cháves steals 3rd base Jessie Thompson to second 1-0: Intentional Walk
|
Pinch Hitting: RHB Carlos Ordóñez
|
0-0: Fly out, F9 (Popup, 89M) Runner from 3rd tags up, SCORES, no throw
|
|